 Dungeon Crawl Stone Soup version bcrawl-1.28.5 (webtiles) character file.

Game seed: 16477541447085130251

199957 Anonimiaus the Covert (level 8, -7/73 HPs)
             Began as a Naga Archaeologist on Jan 25, 2021.
             Mangled by an orc warrior
             ... wielding a +0 hand axe
              (18 damage)
             ... on level 5 of the Dungeon.
             The game lasted 00:15:57 (5055 turns).

Anonimiaus the Covert (Naga Archaeologist)          Turns: 5055, Time: 00:15:57

Health: -7/73      AC:  5    Str: 16    XL:     8   Next: 8%
Magic:  6/10       EV: 10    Int: 14    God:
Gold:   107        SH:  0    Dex: 10    Spells: 7/7 levels left

rFire    . . .     SeeInvis +   h - +9 staff of Olgreb {rPois}
rCold    . . .     Gourm    .   (no shield)
rNeg     . . .     Faith    .   c - +1 robe
rPois    ∞         Spirit   .   d - +1 hat
rElec    +         Reflect  .   (no cloak)
rCorr    .         Harm     .   (no gloves)
MR       +....                  (no barding)
Stlth    ++++......             (no amulet)
HPRegen  0.22/turn              m - ring of insulation
MPRegen  0.12/turn              (no ring)

@: about to teleport, short of breath, very slow
A: large, see invisible, deformed body, poison resistance, slowness 2, slow
metabolism 1, spit poison 1, AC +2
a: Spit Poison


You were on level 5 of the Dungeon.
You were not hungry.

You visited 1 branch of the dungeon, and saw 6 of its levels.

You collected 386 gold pieces.
You spent 279 gold pieces at shops.

Inventory:

Hand Weapons
 b - a +1 blowgun
 h - the +9 staff of Olgreb (weapon) {rPois}
   (You acquired it on level 3 of the Dungeon)

   It protects you from poison.
Missiles
 f - 6 curare-tipped needles
 o - 143 poisoned tomahawks (quivered)
 w - 87 poisoned needles
Armour
 c - a +1 robe (worn)
 d - a +1 hat (worn)
 y - the +0 scale mail "Acax" {rElec rC+++ Str-5 Dex-3}
   (You bought it in a shop on level 4 of the Dungeon)

   It affects your strength (-5).
   It affects your dexterity (-3).
   It renders you almost immune to cold.
   It insulates you from electricity.
Jewellery
 m - a ring of insulation (left hand)
Scrolls
 g - a scroll of magic mapping
 k - 3 scrolls of amnesia
 n - 3 scrolls of teleportation
 t - 4 scrolls of identify
Potions
 a - a potion of cancellation {unknown}
 i - a potion of haste {unknown}
 p - a potion of might {unknown}
 q - 2 potions of heal wounds {unknown}
 r - a potion of curing
 s - a potion of mutation {unknown}
 v - a potion of brilliance {unknown}
Comestibles
 e - 4 rations {!d}


   Skills:
 + Level 4.9 Fighting
   Level 1.2 Short Blades
   Level 1.0(2.4) Maces & Flails
 + Level 3.5(3.6) Staves
 - Level 2.4 Dodging
 + Level 9.1 Stealth
 + Level 3.5 Evocations


You had 7 spell levels left.
You didn't know any spells.
Your spell library was empty.

Dungeon Overview and Level Annotations

Branches:
Dungeon (6/12)
 Temple: D:4-7

Altars:
Cheibriados
Kikubaaqudgha
Nemelex Xobeh
Qazlal
Uskayaw
Wu Jian
Zin

Shops:
D:4 [   D:5 ?

Annotations:
D:3 1 runed door


Innate Abilities, Weirdness & Mutations

You cannot wear boots.
Your serpentine skin is tough. (AC +2)
You have supernaturally acute eyesight. (SInv)
Armour fits poorly on your strangely shaped body.
Your system is resistant to poisons. (rPois)
You cover ground very slowly.
You have a slow metabolism.
You can spit poison.


Message History

The orc warrior hits you with a +0 hand axe!
Your toxic aura wanes.
The centaur zombie hits you but does no damage.
The orc hits you with a +0 falchion!
The orc priest mumbles some strange prayers to Beogh against you.
Beogh smites you!
* * * LOW HITPOINT WARNING * * *
The centaur zombie barely misses you.
You climb upwards.
There is a stone staircase leading down here.
As you read the scroll of teleportation, it crumbles to dust.
You feel strangely unstable.
The orc warrior hits you with a +0 hand axe!
* * * LOW HITPOINT WARNING * * *
The orc closely misses you.
Press: ? - help, Shift-Dir - straight line, f - orc
Aim: an orc, wielding a +0 falchion The splash of poison misses the orc.
You feel slightly more hungry.
The orc warrior hits you with a +0 hand axe!!
You die...

##################
#.................
#o##.####.######## #@##.####.###
#o##^##.....###### ######## ###
#.##.#..._........
.......###.#####.##.#........####
...###..........)##.#.#####..#
##.# #####.########...#..(#..#
#.# #.# #...#..(#..# ##.# #.#
#...#####.## #..#######.###
#.#.......#


You could see an orc warrior and an orc.

Vanquished Creatures
  Duvessa (D:5)
  An ice beast (D:5)
  An ogre (D:4)
  A bullfrog (D:6)
  Dowan (D:5)
  A scorpion (D:4)
  2 howler monkeys (D:4)
  A bullfrog zombie (D:4)
  A crimson imp (D:4)
  An orc priest (D:4)
  An orc wizard (D:4)
  Terence (D:3)
  3 worker ants
  3 adders
  An ooze (D:5)
  An adder skeleton (D:5)
  3 worms
  4 dart slugs
  5 leopard geckos
  8 orcs
  A ball python (D:2)
  7 bats
  8 giant cockroaches
  7 hobgoblins
  4 jackals
  12 kobolds
  A quokka (D:3)
  3 frilled lizards
  6 goblins
  5 rats
95 creatures vanquished.

Notes
Turn   | Place    | Note
-------+----------+-------------------------------------------
     0 | D:1      | Anonimiaus the Naga Archaeologist began the quest for the
                  | Orb.
     0 | D:1      | Reached XP level 1. HP: 18/18 MP: 1/1
    75 | D:1      | Reached skill level 5 in Stealth
   157 | D:1      | Reached XP level 2. HP: 19/25 MP: 2/2
   464 | D:1      | Reached XP level 3. HP: 32/32 MP: 3/3
   863 | D:2      | Reached skill level 1 in Short Blades
  1044 | D:2      | Found an ancient bone altar of Kikubaaqudgha.
  1139 | D:2      | Reached skill level 6 in Stealth
  1577 | D:2      | Reached XP level 4. HP: 21/40 MP: 4/4
  1890 | D:3      | Noticed Terence
  1944 | D:3      | Killed Terence
  2339 | D:3      | Reached XP level 5. HP: 43/49 MP: 5/5
  2339 | D:3      | Identified a scroll of acquirement
  2349 | D:3      | Identified the ring "Zozitetae" {rElec rC+ Slay+2 Stlth++}
                  | (You acquired it on level 3 of the Dungeon)
  2350 | D:3      | Found the +9 staff of Olgreb {rPois}
  2472 | D:3      | Found a runed door.
  2671 | D:3      | Found a sparkling altar of Nemelex Xobeh.
  2672 | D:3      | Found an ornate altar of the Wu Jian Council.
  2836 | D:4      | Reached skill level 7 in Stealth
  2840 | D:4      | Reached skill level 1 in Staves
  2840 | D:4      | Reached skill level 1 in Evocations
  2891 | D:4      | Noticed an ogre
  2926 | D:4      | Reached XP level 6. HP: 51/56 MP: 5/7
  3313 | D:4      | Found Yxopox's Antique Armour Boutique.
  3478 | D:4      | Reached skill level 8 in Stealth
  3478 | D:4      | Reached XP level 7. HP: 41/64 MP: 8/8
  3992 | D:5      | Entered Level 5 of the Dungeon
  3992 | D:5      | Found Usee's Magic Scroll Boutique.
  4032 | D:5      | Found a hide-covered altar of Uskayaw.
  4033 | D:5      | Noticed a +0 hand axe
  4033 | D:5      | Noticed a +0 hand axe
  4073 | D:5      | Noticed Duvessa
  4087 | D:5      | Found a glowing silver altar of Zin.
  4088 | D:5      | Noticed Dowan
  4119 | D:5      | Found a snail-covered altar of Cheibriados.
  4363 | D:5      | Found a stormy altar of Qazlal.
  4364 | D:5      | Noticed a water elemental
  4365 | D:5      | Noticed a fire elemental
  4365 | D:5      | Noticed an air elemental
  4694 | D:5      | Killed Duvessa
  4781 | D:5      | Killed Dowan
  4867 | D:6      | Reached XP level 8. HP: 70/73 MP: 10/10
  4918 | D:4      | Bought a shimmering scale mail for 279 gold pieces
  4928 | D:4      | Identified the cursed +0 scale mail "Acax" {rElec rC+++
                  | Str-5 Dex-3} (You bought it in a shop on level 4 of the
                  | Dungeon)
  4992 | D:6      | Reached skill level 9 in Stealth
  5055 | D:5      | Mangled by an orc warrior

Skill      XL: |  1  2  3  4  5  6  7  8 |
---------------+-------------------------+-----
Stealth        | 5 6 7 8 9 |  9.1
Fighting       | 2 3 4 |  4.9
Short Blades   | 1 |  1.2
Staves         | 1 2 3 |  3.5
Evocations     | 1 2 3 |  3.5
Maces & Flails | |  1.0
Dodging        | |  2.4

Action                   |  1- 3 |  4- 6 |  7- 9 || total
-------------------------+-------+-------+-------++-------
Melee: Whip              |    34 |       |       ||    34
       Dagger            |   142 |    86 |       ||   228
       Staff             |       |    61 |    38 ||    99
Throw: Tomahawk          |       |     1 |     3 ||     4
 Abil: Spit Poison       |     3 |    18 |     5 ||    26
Evoke: Staff of Olgreb   |       |     2 |     3 ||     5
  Use: Potion            |       |     2 |       ||     2
       Scroll            |       |     1 |     6 ||     7
 Stab: Sleeping          |    14 |     2 |     5 ||    21
       Distracted        |     1 |       |       ||     1
  Eat: Chunk             |     5 |     7 |     3 ||    15
       Ration            |       |     1 |     1 ||     2
Armor: Robe              |    80 |    34 |    16 ||   130
Dodge: Dodged            |   118 |    77 |    22 ||   217
